 Dungeon Crawl Stone Soup version 0.30-a0-341-g682706514a (webtiles) character file.

Game seed: 366041542201873630

16 IdlyInterested the Insei (level 2, -2/23 HPs)
             Began as a Demonspawn Wanderer on Nov 4, 2022.
             Slain by a worm (8 damage)
             ... on level 2 of the Dungeon.
             The game lasted 00:01:33 (825 turns).

IdlyInterested the Insei (Demonspawn Wanderer)       Turns: 825, Time: 00:01:33

Health: -2/23      AC:  3    Str: 13    XL:     2   Next: 41%
Magic:  2/2        EV: 11    Int: 10    God:
Gold:   51         SH:  8    Dex: 14    Spells: 1/1 levels left

rFire   . . .      SeeInvis .    a - +0 spear
rCold   . . .      Faith    .    d - +0 buckler
rNeg    . . .      Spirit   .    e - +0 leather armour
rPois   .          Reflect  .    (no helmet)
rElec   .          Harm     .    (no cloak)
rCorr   .          Rampage  .    (no gloves)
Will    .....                    (no boots)
Stlth   +.........               k - amulet of the acrobat
HPRegen 0.23/turn                (no ring)
MPRegen 0.08/turn                (no ring)

@: no status effects
A: condensation shield
a: no special abilities


You were on level 2 of the Dungeon.
You visited 1 branch of the dungeon, and saw 2 of its levels.

You collected 51 gold pieces.

Inventory:

Hand Weapons
 a - a +0 spear (weapon)
 i - a +0 war axe
Missiles
 h - 3 poisoned darts (quivered)
Armour
 d - a +0 buckler (worn)
 e - a +0 leather armour (worn)
Jewellery
 k - an amulet of the acrobat (around neck)
Scrolls
 c - a scroll of blinking
 j - 2 scrolls of identify {unknown}
Potions
 b - 2 potions of heal wounds
 f - a potion of lignification {unknown}
 g - a potion of invisibility {unknown}


   Skills:
 * Level 2.5 Fighting
 - Level 1.7 Polearms
 - Level 1.0 Armour
 - Level 1.0 Dodging
 - Level 1.0 Shields
 - Level 3.6 Unarmed Combat


You had one spell level left.
You didn't know any spells.
Your spell library contained the following spells:

 Spells                   Type           Power      Damage    Failure   Level
 Yara's Violent Unravell  Hex/Tmut       0%         3d3       100%        5
 Conjure Ball Lightning   Conj/Air       0%         3x3d6     100%        6
 Enfeeble                 Hex            0%         N/A       100%        7
 Discord                  Hex            0%         N/A       100%        8
 Disjunction              Tloc           0%         N/A       100%        8


Dungeon Overview and Level Annotations

Branches:
Dungeon (2/15)

Altars:


Innate Abilities, Weirdness & Mutations

A meltable shield of frost defends you. (SH +4)


Message History

The worm bites you!
You hit the worm.
The worm is moderately wounded.
You barely miss the worm.
The worm is moderately wounded.
You block the worm's attack.
You hit the worm but do no damage.
The worm is lightly wounded.
You block the worm's attack.
You hit the worm.
The worm is moderately wounded.
You hit the worm.
The worm is moderately wounded.
You block the worm's attack.
You hit the worm.
The worm is heavily wounded.
The worm barely misses you.
You hit the worm.
The worm is heavily wounded.
You hit the worm but do no damage.
The worm is heavily wounded.
The worm barely misses you.
You hit the worm.
The worm is heavily wounded.
You hit the worm.
The worm is severely wounded.
The worm closely misses you.
You hit the worm.
The worm is severely wounded.
You block the worm's attack.
You hit the worm.
The worm is severely wounded.
You hit the worm but do no damage.
The worm is severely wounded.
The worm bites you.
* * * LOW HITPOINT WARNING * * *
You hit the worm.
The worm is severely wounded.
The worm bites you!
You die...

#$ #.... #... #
.... .# #.. ..#
#.. ..
#.##.####$
#.##.##.@w.[....
#!.....<........
####.###.#).##.#
#. .....# .....#
##....# #......
.....### #...#


You could see a worm.

Vanquished Creatures
  A dart slug (D:1)
  A hobgoblin (D:1)
  4 jackals (D:1)
  A ball python (D:1)
  A bat (D:1)
  2 goblins (D:1)
  3 kobolds
  2 rats (D:1)
15 creatures vanquished.

Notes
Turn   | Place    | Note
-------+----------+-------------------------------------------
     0 | D:1      | IdlyInterested the Demonspawn Wanderer began the quest for
                  | the Orb.
     0 | D:1      | IdlyInterested set off with the following items: a +0
                  | spear, 2 potions of heal wounds, a scroll of blinking, a +0
                  | buckler, a +0 leather armour.
     0 | D:1      | Reached XP level 1. HP: 15/15 MP: 1/1
   157 | D:1      | Gained mutation: A meltable shield of frost defends you.
                  | (SH +4) [demonic ancestry]
   157 | D:1      | Reached XP level 2. HP: 11/22 MP: 2/2
   825 | D:2      | Slain by a worm

Illustrated notes

Levels and vault maps discovered:
D:1:      lemuel_arrival_hallway, layout_basic, minivault_14
D:2:      layout_loops_cross

Skill      XL: |  1 |
---------------+----+-----
Fighting       | 2 |  2.5
Polearms       | |  1.7
Armour         | |  1.0
Dodging        | |  1.0
Shields        | |  1.0
Unarmed Combat | |  3.6

Action                   || total
-------------------------++-------
Melee: Spear             ||    69
 Stab: Sleeping          ||     1
Armor: Leather armour    ||    12
Dodge: Dodged            ||    31
Block: Buckler           ||    18

Table legend: (Time is in decaauts)
 A = Elapsed time spent in this place.
 B = Non-inter-level travel time spent in this place.
 C = Inter-level travel time spent in this place.
 D = Time resting spent in this place.
 E = Time spent auto-exploring this place.
 F = Levels seen in this place.
 G = Mean time per level.
                   A        B        C        D        E       F      G
               +--------+--------+--------+--------+--------+-----+--------+
         Total |    829 |    788 |     41 |     59 |    538 |   2 |  414.5 |
       Dungeon |    829 |    788 |     41 |     59 |    538 |   2 |  414.5 |
               +--------+--------+--------+--------+--------+-----+--------+

Top non-repeatable levels by time:
     D:1: 799 daAuts
     D:2: 29 daAuts
